 Dungeon Crawl Stone Soup version 0.26-a0-1033-gd598b01645 (webtiles) character file.

Game seed: 309190693325292680

81 pablito the Insei (level 4, -1/28 HPs)
             Began as an Octopode Transmuter on Dec 10, 2020.
             Slain by an orc wizard
             ... wielding a +0 dagger
              (4 damage)
             ... on level 2 of the Dungeon.
             The game lasted 00:03:36 (2041 turns).

pablito the Insei (Octopode Transmuter)             Turns: 2041, Time: 00:03:37

Health: -1/28      AC:  1    Str:  9    XL:     4   Next: 42%
Magic:  6/8        EV: 13    Int: 15    God:
Gold:   55         SH:  0    Dex: 13    Spells: 7/8 levels left

rFire    . . .     SeeInvis .     - Unarmed
rCold    . . .     Faith    .   (no shield)
rNeg     . . .     Spirit   .   (helmet currently unavailable)
rPois    .         Reflect  .   (no amulet)
rElec    .         Harm     .   (no ring)
rCorr    .         Rampage  .   (no ring)
Will     .....                  (no ring)
Stlth    +++.......             (no ring)
HPRegen  0.09/turn              (no ring)
MPRegen  0.11/turn              (no ring)
                                (no ring)
                                (no ring)

@: appendages (expiring), flying
A: almost no armour, stealthy swim, amphibious, 8 rings, constrict 8, tentacle
spike 3, camouflage 1, gelatinous body 1
a: End Transformation


You were on level 2 of the Dungeon.
One of your tentacles had a temporary spike.
You visited 1 branch of the dungeon, and saw 2 of its levels.

You collected 55 gold pieces.

Inventory:

Scrolls
 a - a scroll of fog {unknown}
 b - 4 scrolls of identify {unknown}
 c - 2 scrolls of teleportation {unknown}
 g - a scroll of magic mapping {unknown}
Potions
 d - a potion of curing


   Skills:
 + Level 1.2 Fighting
 + Level 2.1 Dodging
 + Level 1.0 Stealth
 * Level 3.7 Unarmed Combat
 + Level 2.7 Spellcasting
 + Level 2.9 Transmutations


You had 7 spell levels left.
You knew the following spells:

 Your Spells              Type           Power        Failure   Level
a - Beastly Appendage     Tmut           ##....       6%          1

Your spell library contained the following spells:

 Spells                   Type           Power        Failure   Level
 Wereblood                Tmut           ##......     10%         2
 Spider Form              Tmut/Pois      #.........   34%         3
 Ice Form                 Ice/Tmut       #.......     75%         4
 Blade Hands              Tmut           ##........   86%         5


Dungeon Overview and Level Annotations

Branches:
Dungeon (2/15)

Altars:
Fedhas


Innate Abilities, Weirdness & Mutations

You cannot wear most types of armour.
You are very stealthy in the water. (Stealth+)
You are amphibious.
You can wear up to eight rings at the same time.
You can use your tentacles to constrict eight enemies at once.
Your skin changes colour to match your surroundings (Stealth+).
Your rubbery body absorbs attacks. (AC +1, EV +1)
One of your tentacles bears a large vicious spike.


Message History

The orc hits you with a +0 hand axe.
You bludgeon the orc!
You kill the orc!
Items here: $ )))) [[ †††.
The orc wizard closely misses you.
You feel better.
Your transformation is almost over.
The orc wizard hits you with a +0 dagger.
The orc priest shouts!
The orc wizard gestures wildly while chanting.
The orc wizard seems to speed up.
The orc priest misses you.
You closely miss the orc priest. Your grab misses the orc priest.
You pierce the orc priest, but do no damage.
Your squeeze misses the orc priest. The orc wizard completely misses you.
The orc priest mumbles some strange prayers to Beogh against you.
Beogh smites you!
Ouch! That really hurt!
* * * LOW HITPOINT WARNING * * *
The orc wizard hits you with a +0 dagger.
You die...

#.# #..
######################
######.
......................
........
##############.######
######## #.## #
#..########### #
##.o.)........######
#o@#########..)....
#......... #..####
#...8..o8. #.........
#......... #.........
##..8...8. #........


You could see 2 orc priests and an orc wizard (fast).

Vanquished Creatures
  An orc wizard (D:2)
  3 adders (D:2)
  A worm (D:2)
  2 dart slugs (D:1)
  A leopard gecko (D:1)
  3 orcs (D:2)
  A bat (D:2)
  4 goblins
  2 hobgoblins (D:1)
  2 frilled lizards
  2 rats
22 creatures vanquished.

Notes
Turn   | Place    | Note
-------+----------+-------------------------------------------
     0 | D:1      | pablito the Octopode Transmuter began the quest for the
                  | Orb.
     0 | D:1      | Reached XP level 1. HP: 13/13 MP: 3/3
   332 | D:1      | Reached XP level 2. HP: 16/18 MP: 3/5
   600 | D:2      | Reached XP level 3. HP: 6/23 MP: 6/6
  1780 | D:2      | Found a blossoming altar of Fedhas.
  2029 | D:2      | Reached XP level 4. HP: 20/28 MP: 6/8
  2035 | D:2      | Reached skill level 1 in Stealth
  2041 | D:2      | Slain by an orc wizard

Illustrated notes

Levels and vault maps discovered:
D:1:      minmay_arrival_checkered_box, layout_basic, eino_curves_03,
          st_stairs_14
D:2:      cheibrodos_pilgrimage, layout_basic, gammafunk_temple_overflow_pools,
          fedhas_altar_1

Skill      XL: |  1  2  3  4 |
---------------+-------------+-----
Stealth        | 1 |  1.0
Fighting       | |  1.2
Dodging        | |  2.1
Unarmed Combat | |  3.7
Spellcasting   | |  2.7
Transmutations | |  2.9

Action                   |  1- 3 |  4- 6 || total
-------------------------+-------+-------++-------
Melee: Unarmed           |    57 |     8 ||    65
       Constrict         |    12 |     2 ||    14
       Kick              |     6 |     2 ||     8
       Tentacles         |     5 |       ||     5
 Cast: Beastly Appendage |    11 |     1 ||    12
  Use: Potion            |     3 |     1 ||     4
 Stab: Sleeping          |     1 |       ||     1
Armor: Skin              |     6 |       ||     6
Dodge: Dodged            |    35 |     4 ||    39

Table legend: (Time is in decaauts)
 A = Elapsed time spent in this place.
 B = Non-inter-level travel time spent in this place.
 C = Inter-level travel time spent in this place.
 D = Time resting spent in this place.
 E = Time spent auto-exploring this place.
 F = Levels seen in this place.
 G = Mean time per level.
                   A        B        C        D        E       F      G
               +--------+--------+--------+--------+--------+-----+--------+
         Total |   2036 |   2028 |      8 |    255 |   1586 |   2 | 1018.0 |
       Dungeon |   2036 |   2028 |      8 |    255 |   1586 |   2 | 1018.0 |
               +--------+--------+--------+--------+--------+-----+--------+

Top non-repeatable levels by time:
     D:2: 1458 daAuts
     D:1: 578 daAuts
